 Dungeon Crawl Stone Soup version 0.30-a0-634-g8abc85282e (webtiles) character file.

Game seed: 8617422148953190919

175 bande the Covered (level 5, 0/33 HPs)
             Began as a Gargoyle Fighter on Jan 14, 2023.
             Slain by a gnoll
             ... wielding a +0 flail
              (3 damage)
             ... on level 3 of the Dungeon.
             The game lasted 00:05:45 (2925 turns).

bande the Covered (Gargoyle Fighter)                Turns: 2925, Time: 00:05:45

Health: 0/33       AC: 16    Str: 19    XL:     5   Next: 55%
Magic:  5/5        EV:  5    Int:  9    God:
Gold:   94         SH:  4    Dex: 11    Spells: 4/4 levels left

rFire   . . .      SeeInvis .    v - +0 broad axe
rCold   . . .      Faith    +    c - +0 buckler
rNeg    + . .      Spirit   .    s - +0 plate armour
rPois   ∞          Reflect  .    (no helmet)
rElec   +          Harm     .    (no cloak)
rCorr   .          Rampage  .    (no gloves)
Will    .....                    (no boots) Stlth
                                 p - amulet of faith
HPRegen 0.25/turn                (no ring)
MPRegen 0.09/turn                (no ring)

@: no status effects
A: sickness immunity, AC +4, negative energy resistance 1, electricity
resistance, torment resistance 1, petrification resistance
a: no special abilities


You were on level 3 of the Dungeon.
You visited 1 branch of the dungeon, and saw 4 of its levels.

You collected 94 gold pieces.

Inventory:

Hand Weapons
 a - a +0 war axe
 v - a +0 broad axe (weapon)
Missiles
 n - 2 throwing nets (quivered)
Armour
 c - a +0 buckler (worn)
 s - a +0 plate armour (worn)
Jewellery
 p - an amulet of faith (around neck)
 r - a ring of flight
Scrolls
 b - a scroll of noise {unknown}
 f - a scroll of poison {unknown}
 i - a scroll of immolation {unknown}
 j - 4 scrolls of teleportation {unknown}
 k - 2 scrolls of magic mapping {unknown}
 l - 2 scrolls of fear {unknown}
 m - 2 scrolls of amnesia {unknown}
 o - a scroll of identify {unknown}
 t - a scroll of blinking {unknown}
 u - a scroll of torment {unknown}
Potions
 d - a potion of might
 e - 4 potions of curing {unknown}
 g - a potion of mutation {unknown}
 h - a potion of heal wounds {unknown}
 q - a potion of lignification {unknown}


   Skills:
 + Level 4.2 Fighting
 + Level 3.3 Axes
 + Level 4.5 Armour
 + Level 3.8 Shields


You had 4 spell levels left.
You didn't know any spells.
Your spell library contained the following spells:

 Spells                   Type           Power      Damage    Failure   Level
 Stone Arrow              Conj/Erth      0%         3d7       100%        3
 Animate Armour           Summ/Erth      0%         N/A       100%        4
 Lehudib's Crystal Spear  Conj/Erth      0%         10d2      100%        8


Dungeon Overview and Level Annotations

Branches:
Dungeon (4/15)
 Temple: D:4-7

Altars:
Elyvilon


Innate Abilities, Weirdness & Mutations

You are immune to sickness and miasma.
Your stone body is resilient. (AC +4)
You are immune to poison.
You resist negative energy. (rN+)
You are resistant to electric shocks. (rElec)
You are resistant to unholy torment.
You are immune to petrification.


Message History

You climb downwards.
You block the gnoll's attack.
The gnoll hits you from afar with a +0 halberd!
The gnoll hits you with a +0 halberd.
There is a stone staircase leading up here.
The adder bites you but does no damage. You block the gnoll's attack. x2
The gnoll hits you with a +0 halberd.
You climb upwards.
There is a stone staircase leading down here.
You barely miss the gnoll. You slash the adder! The adder bites you.
The adder bites you but does no damage. The gnoll hits you with a +0 halberd.
You hit the gnoll.
The gnoll is lightly wounded.
You barely miss the adder. The adder bites you but does no damage.
You block the gnoll's attack. You block the adder's attack.
The gnoll hits you but does no damage.
You closely miss the gnoll.
The gnoll is lightly wounded.
You slash the adder!
You kill the adder!
You barely miss the gnoll. You block the gnoll's attack.
The gnoll hits you but does no damage.
You barely miss the gnoll.
The gnoll is lightly wounded.
You slash the gnoll! The gnoll hits you with a +0 flail.
The gnoll barely misses you. x2
You closely miss the gnoll.
The gnoll is lightly wounded.
You hit the gnoll but do no damage. The gnoll hits you with a +0 halberd.
The gnoll hits you but does no damage. The gnoll hits you with a +0 halberd!
* * * LOW HITPOINT WARNING * * *
You slash the gnoll!
The gnoll is almost dead.
You closely miss the gnoll. The gnoll hits you but does no damage.
You block the gnoll's attack. The gnoll barely misses you.
You barely miss the gnoll.
The gnoll is almost dead.
You hit the gnoll but do no damage. The gnoll hits you with a +0 halberd.
* * * LOW HITPOINT WARNING * * *
The gnoll hits you with a +0 flail.
You die...

≈≈≈≈≈≈...≈≈##..##.....### ##.####
......._.⌠≈###..........###..#
≈≈≈≈≈≈...≈≈# ######...#...[.##
#P.##≈≈⌠≈≈## ##.####..###
....##≈≈≈## ###### #..###....####
....###### #....# ##.....##.....
....## #....# ##...########
.....########..g.#####.#.#
.....##.........@)##...#.##
..........##.##.#g..<.....#######
....#..##.##.##.###..###....>....
#......##.#..##.# #.## #####...#.
#......##...###.###.# ###.##
#...............##..## #..#
#......##..####....).### ####
#......##..####....#.).# #####..#
#......##....###...[##.###.......


You could see 2 gnolls.

Vanquished Creatures
  5 adders
  4 gnolls
  4 dart slugs (D:1)
  8 orcs (D:3)
  4 endoplasms
  4 giant cockroaches
  7 goblins
  3 hobgoblins
  4 jackals (D:2)
  4 kobolds
  A quokka (D:3)
  10 ball pythons
  3 bats (D:2)
  8 frilled lizards
  10 rats
79 creatures vanquished.

Notes
Turn   | Place    | Note
-------+----------+-------------------------------------------
     0 | D:1      | bande the Gargoyle Fighter began the quest for the Orb.
     0 | D:1      | Reached XP level 1. HP: 14/14 MP: 1/1
    46 | D:1      | Reached XP level 2. HP: 19/19 MP: 2/2
   159 | D:1      | Found a faded altar of an unknown god.
   490 | D:1      | Reached XP level 3. HP: 24/24 MP: 3/3
  1153 | D:2      | Reached XP level 4. HP: 29/29 MP: 4/4
  1764 | D:3      | Reached XP level 5. HP: 29/33 MP: 5/5
  1811 | D:3      | Identified the +1 robe "Gubrulep" {Will++ rCorr}
  1901 | D:3      | Found a white marble altar of Elyvilon.
  2925 | D:3      | Slain by a gnoll

Illustrated notes

Levels and vault maps discovered:
D:1:      dpeg_arrival_round_c, layout_basic, ebering_ecumenical_altar_hall
D:2:      wad_river_or_something, layout_loops_cross, st_stairs_3
D:3:      minmay_chambers_of_twos, layout_rooms, nicolae_elyvilon_temple_path
D:4:      layout_basic, mainiacjoe_overflow_24_doors, uniq_blork_the_orc

Skill      XL: |  1  2  3  4 |
---------------+-------------+-----
Axes           | 2 3 |  3.3
Armour         | 4 |  4.5
Fighting       | 4 |  4.2
Shields        | |  3.8

Action                   |  1- 3 |  4- 6 || total
-------------------------+-------+-------++-------
Melee: War axe           |    97 |   109 ||   206
       Broad axe         |       |    24 ||    24
Armor: Scale mail        |    54 |    58 ||   112
       Plate armour      |       |    68 ||    68
Dodge: Dodged            |    47 |    67 ||   114
Block: Buckler           |    25 |    37 ||    62

Table legend: (Time is in decaauts)
 A = Elapsed time spent in this place.
 B = Non-inter-level travel time spent in this place.
 C = Inter-level travel time spent in this place.
 D = Time resting spent in this place.
 E = Time spent auto-exploring this place.
 F = Levels seen in this place.
 G = Mean time per level.
                   A        B        C        D        E       F      G
               +--------+--------+--------+--------+--------+-----+--------+
         Total |   3030 |   2920 |    110 |    180 |   2060 |   4 |  757.5 |
       Dungeon |   3030 |   2920 |    110 |    180 |   2060 |   4 |  757.5 |
               +--------+--------+--------+--------+--------+-----+--------+

Top non-repeatable levels by time:
     D:3: 1025 daAuts
     D:2: 1000 daAuts
     D:1: 990 daAuts
     D:4: 13 daAuts
